cohdb
Replays
Latest Replays
All Replays
Popular Replays
Top Player Replays
Match Explorer
How It Works
Community
CoH3 Stats
Reddit
Sign in to upload your games and track your stats! →
Sign in with Steam
Match 25375719
Unlisted
Match 25375719
Overview
Messages
Build Orders
End
Vickers Machine Gun Team
Construct Section Command Post
Infantry Section
ML 3-inch Mortar Team
Infantry Section
Infantry Section
Construct Platoon Command Post
Selects Indian Artillery Battlegroup
Selects Valour
Humber Armored Car
CMP 15cwt Truck
Selects Gurkha Rifles Section
Construct Company Command Post
6-pounder Anti-tank Gun Team
TidaL
jeroenvandermeij
BLACKT
GreeN
The T
Dwight
0
0
Comments
sign in to comment!
No comments posted yet!